 Dungeon Crawl Stone Soup version 0.31-a0-108-gdf935468f2 (webtiles) character file.

Game seed: 3613965988060148253

97746 avis the Naga Aeon (level 16, -2/154 HPs)
             Began as a Naga Transmuter on May 23, 2023.
             Was the Champion of Cheibriados.
             Shot with an arrow by a naga sharpshooter (13 damage)
             ... on level 1 of the Snake Pit on May 27, 2023.
             The game lasted 04:02:45 (24090 turns).

avis the Naga Aeon (Naga Transmuter)               Turns: 24090, Time: 04:02:45

Health: -2/154     AC: 14    Str: 39    XL:     16   Next: 20%
Magic:  19/28      EV: 12    Int: 32    God:    Cheibriados [******]
Gold:   1881       SH:  0    Dex: 30    Spells: 10/31 levels left

rFire   . . .        b - melded +1 hand crossbow (heavy)
rCold   . . .        (shield currently unavailable)
rNeg    + . .        u - +3 leather armour of Mirth {Regen+}
rPois   +            c - +1 helmet "Muupur" {+Blink rN+ Dex-2 Stlth+}
rElec   .            d - +0 cloak
rCorr   .            X - melded +1 pair of gloves {Dex+3}
SInv    +            (no barding)
Will    ++...        p - amulet of regeneration
Stlth   ++++         x - +6 ring of strength
HPRegen 2.05/turn    l - +6 ring of dexterity
MPRegen 0.21/turn

%: no passive effects
@: blade hands, wereblooded, constricted, very slow
A: AC +5, large, see invisible, deformed body, poison resistance, slowness 2,
spit poison 1, naga tail 2
a: Spit Poison, End Transformation, Renounce Religion, Evoke Blink, Bend Time,
Temporal Distortion, Slouch, Step From Time


You were on level 1 of the Snake Pit.
You worshipped Cheibriados.
Cheibriados was exalted by your worship.
You had blades for hands.
You visited 5 branches of the dungeon, and saw 21 of its levels.
You also visited: Bailey.

You collected 3186 gold pieces.
You spent 1305 gold pieces at shops.

Inventory:

Hand Weapons
 a - the +5 Force Lance {heavy, knockback}
   (You found it on level 3 of the Dungeon)
 b - a +1 heavy hand crossbow (melded)
 r - a +0 longbow
 w - a +4 flail of protection
 G - a +4 spear
 L - a +0 broad axe
 R - a +2 war axe of freezing
Missiles
 m - 8 throwing nets
 s - 36 boomerangs
 v - 3 javelins
 N - 6 boomerangs of dispersal
 P - 2 silver boomerangs
 Q - 3 poisoned darts
Armour
 c - the +1 helmet "Muupur" (worn) {+Blink rN+ Dex-2 Stlth+}
   (You acquired it in the Ecumenical Temple)

   Dex:       It affects your dexterity (-2).
   rN:        It protects you from negative energy.
   +Blink:    It lets you blink.
   Stlth:     It makes you more stealthy.
 d - a +0 cloak (worn)
 u - the +3 leather armour of Mirth (worn) {Regen+}
   (You found it on level 4 of the Dungeon)

   Regen:     It increases your rate of health regeneration.
 O - an orb of guile
 X - a +1 pair of gloves of dexterity (melded)
 Y - a +1 kite shield of protection
Jewellery
 j - a ring of protection from fire
 l - a +6 ring of dexterity (right blade hand)
 p - an amulet of regeneration (around neck)
 x - a +6 ring of strength (left blade hand)
 y - a ring of flight
 K - the ring of Dusy {rN+ Will+ Str-2 Stlth+}
   (You found it on level 9 of the Dungeon)

   [ring of positive energy]

   Str:       It affects your strength (-2).
   rN:        It protects you from negative energy.
   Will:      It increases your willpower.
   Stlth:     It makes you more stealthy.
Wands
 i - a wand of flame (19)
 k - a wand of paralysis (7)
 A - a wand of quicksilver (3)
 J - a wand of roots (3)
Scrolls
 f - 7 scrolls of blinking
 o - 3 scrolls of fog
 z - a scroll of poison
 B - 6 scrolls of teleportation
 D - a scroll of butterflies
 E - 2 scrolls of identify
 I - 2 scrolls of fear
 M - a scroll of silence
 U - 3 scrolls of magic mapping
Potions
 e - a potion of heal wounds
 g - 4 potions of brilliance
 h - 15 potions of curing
 n - 6 potions of lignification
 q - a potion of invisibility
 t - a potion of mutation
 C - 2 potions of magic
 F - a potion of berserk rage
 H - 3 potions of enlightenment
 Z - a potion of resistance


   Skills:
 * Level 12.7 Fighting
 - Level 6.0 Armour
 - Level 6.0 Dodging
 - Level 4.0 Stealth
 * Level 12.7 Unarmed Combat
 - Level 8.0 Spellcasting
 * Level 9.1 Translocations
 - Level 10.0 Transmutations
 - Level 4.0 Ice Magic
 - Level 2.0 Poison Magic
 - Level 14.0 Invocations


You had 10 spell levels left.
You knew the following spells:

 Your Spells              Type           Power      Damage    Failure   Level
a - Beastly Appendage     Tmut           100%       N/A       6%          1
b - Blink                 Tloc           100%       N/A       8%          2
e - Wereblood             Tmut           67%        N/A       7%          2
m - Manifold Assault      Tloc           64%        N/A       14%         4
p - Spider Form           Tmut/Pois      50%        N/A       16%         3
q - Ice Form              Ice/Tmut       55%        N/A       22%         4
B - Blade Hands           Tmut           33%        N/A       21%         5

Your spell library contained the following spells:

 Spells                   Type           Power      Damage    Failure   Level
 Lesser Beckoning         Tloc           100%       N/A       8%          2
 Sting                    Tmut/Pois      100%       1d8       11%         1
 Freeze                   Ice            100%       1d10      14%         1
 Momentum Strike          Conj/Tloc      84%        3d10      14%         2
 Portal Projectile        Hex/Tloc       84%        N/A       21%         3
 Frozen Ramparts          Ice            76%        1d12      22%         3
 Ignite Poison            Fire/Tmut/Pois 38%        N/A       22%         3
 Slow                     Hex            48%        N/A       30%         1
 Summon Small Mammal      Summ           48%        N/A       30%         1
 Poisonous Vapours        Pois/Air       38%        N/A       30%         2
 Cigotuvi's Dreadful Rot  Necr/Pois/Air  34%        N/A       32%         2
 Hailstorm                Conj/Ice       25%        3d7       34%         3
 Mephitic Cloud           Conj/Pois/Air  17%        N/A       45%         3
 Alistair's Intoxication  Tmut/Pois      33%        N/A       45%         5
 Call Canine Familiar     Summ           12%        N/A       50%         3
 Inner Flame              Hex/Fire       12%        N/A       50%         3
 Summon Guardian Golem    Hex/Summ       12%        N/A       50%         3
 Tukima's Dance           Hex            12%        N/A       50%         3
 Dispel Undead            Necr           12%        3d9       78%         4
 Flame Wave               Conj/Fire      12%        2d6       78%         4
 Sticky Flame             Conj/Fire      12%        2d4       78%         4
 Freezing Cloud           Conj/Ice/Air   10%        6-21      89%         5
 Statue Form              Tmut/Erth      29%        N/A       92%         6
 Death Channel            Necr           6%         N/A       100%        6
 Storm Form               Tmut/Air       22%        N/A       100%        7
 Chain Lightning          Conj/Air       6%         3d8       100%        9
 Fire Storm               Conj/Fire      6%         8d2       100%        9
 Shatter                  Erth           6%         3d9*      100%        9


Dungeon Overview and Level Annotations

Branches:
Dungeon (12/15)            Temple (1/1) D:4            Lair (5/5) D:8
 Shoals (0/4) Lair:2        Snake (1/4) Lair:2        Slime (0/5) Lair:5
    Orc (2/2) D:12            Elf (0/3) Orc:2        Bailey (visited)

Altars:
Ashenzari
Cheibriados
Dithmenos
Elyvilon
Fedhas
Gozag
Hepliaklqana
Kikubaaqudgha
Makhleb
Nemelex Xobeh
Okawaru
Qazlal
Ru
Sif Muna
Trog
Uskayaw
Vehumet
Wu Jian
Xom
Yredelemnul
Zin
The Shining One

Shops:
Orc:2 *[(!


Innate Abilities, Weirdness & Mutations

You have blades for hands.
Your spellcasting is less reliable in this form.
You are incapable of wielding weapons or throwing items.
Your serpentine skin is tough. (AC +5)
You have supernaturally acute eyesight. (SInv)
Armour fits poorly on your strangely shaped body.
Your system is resistant to poisons. (rPois)
You cover ground very slowly.
You can spit poison.
You can use your snake-like lower body to constrict enemies.


Message History

The naga sharpshooter spits poison at you.
The splash of poison hits you but does no damage.
You resist.
Casting: Blade Hands (dangerous; 21% risk of failure)
Confirm with . or Enter, or press ? or * to list all spells.
Your blood is infused with primal strength.
The naga hits you with a +0 mace! The naga closely misses you.
The naga sharpshooter gestures wildly while chanting.
The naga sharpshooter magically shoots an arrow.
The arrow hits you but does no damage.
You hit the naga but do no damage. You grab the naga. You slash the naga.
The naga is moderately wounded.
You constrict the naga. You shred the naga!!!
You feel a bit better.
You kill the naga!
Cheibriados thoroughly appreciates the change of pace.
The naga sharpshooter shoots an arrow.
The arrow misses you.
You howl as the wereblood boils in your veins!
The naga zaps a wand.
You resist with almost no effort.
The naga warrior hits you with a +0 scimitar!!
The naga warrior grabs you. The naga warrior constricts you.
The naga warrior hits you with a +0 scimitar!!
The naga warrior constricts you.
The naga warrior hits you with a +0 scimitar!
The naga warrior spits poison at you. The splash of poison misses you.
The naga warrior constricts you.
The naga hits you from afar with a +0 glaive of flaming!!
The naga burns you! The naga warrior blocks your attack.
You grab the naga warrior. You constrict the naga warrior.
The naga warrior hits you with a +0 scimitar!!
* * * LOW HITPOINT WARNING * * *
The naga warrior hits you with a +0 scimitar!!
* * * LOW HITPOINT WARNING * * *
The naga warrior constricts you.
* * * LOW HITPOINT WARNING * * *
The naga sharpshooter casts a spell.
The naga sharpshooter magically shoots an arrow.
The arrow hits you!
You die...

♣..~~≈≈..♣... ...
.~~.~~..~....
...####
.♣..~.~..♣♣...
#...#..
..♣♣.~..♣♣....
#......
#...♣.♣♣♣..#.#
#......
..........#..#
#....NN##
#.........##
#.....N.#
###...(.###
#.....N@## ###....##
.........####....#.#
....#...).......####
... ########.#.## .
#####


You could see 2 naga warriors, a naga sharpshooter and a naga.

Vanquished Creatures
  Rupert (Lair:3)
  Jorgrun (Orc:2)
  2 orc warlords (Orc:1)
  The ghost of Sobieck the Earth Mage, a journeyman DECj of Vehumet (Lair:5)
  Harold (Lair:1)
  4 hydras
  4 anacondas (Snake:1)
  Erica (D:8)
  4 catoblepae
  2 naga warriors (Snake:1)
  3 boulder beetles
  17 death yaks
  3 two-headed ogres
  5 orc high priests
  A shock serpent (Snake:1)
  A naga sharpshooter (Snake:1)
  A skyshark (Lair:4)
  Lodul (D:11)
  2 sea snakes (Snake:1)
  Pikel (D:5)
  2 lindwurms
  2 naga ritualists (Snake:1)
  5 orc knights
  4 orc sorcerers (Orc:1)
  2 mana vipers (Snake:1)
  A cyclops (D:12)
  An ugly thing (D:12)
  6 manticores
  4 elephants (Lair:5)
  15 black mambas
  Maurice (Orc:1)
  A guardian serpent (Snake:1)
  3 naga magi (Snake:1)
  12 cane toads
  2 gargoyles
  An unseen horror (D:11)
  10 komodo dragons
  7 rime drakes
  6 trolls
  3 polar bears
  7 dream sheep (Lair:4)
  6 blink frogs
  A wind drake (Lair:2)
  Sigmund (D:3)
  8 slime creatures
  3 shadows
  2 wraiths (D:11)
  11 wyverns
  Eustachio (D:5)
  62 yaks
  Grum (D:8)
  11 basilisks
  A steam dragon (D:8)
  Edmund (D:5)
  2 vampire mosquitoes (D:12)
  15 nagas (Snake:1)
  2 death yak simulacra (Lair:5)
  A spectral cane toad (Lair:5)
  4 wargs
  2 acid dragons
  10 water moccasins
  A hell hound (Lair:3)
  36 orc warriors
  2 ice beasts (D:7)
  A black bear (D:6)
  31 wolves
  12 ogres
  5 centaurs
  2 phantoms
  Blork the orc (D:4)
  5 kobold brigands
  5 bullfrogs
  11 gnoll sergeants
  7 scorpions
  A cane toad simulacrum (Lair:5)
  8 wights
  A dream sheep simulacrum (Lair:5)
  13 killer bees
  6 electric eels (Snake:1)
  5 howler monkeys
  7 gnoll boudas (Bailey)
  5 jellies
  Crazy Yiuf (D:6)
  30 orc priests
  6 hounds
  A sleepcap (D:5)
  Natasha (thrice) (D:4)
  10 hell rats
  3 iguanas
  30 orc wizards
  Robin (D:4)
  25 gnolls
  8 adders
  A white imp (D:7)
  2 ufetubi
  5 worms
  5 dart slugs
  84 orcs
  13 ball pythons
  7 bats
  5 endoplasms
  3 giant cockroaches
  13 hobgoblins
  5 quokkas
  2 frilled lizards (D:3)
  18 goblins
  28 kobolds
  12 rats
782 creatures vanquished.

Vanquished Creatures (others)
  An orc warrior (Orc:2)
  A kobold (D:8)
2 creatures vanquished.

Grand Total: 784 creatures vanquished

Notes
Turn   | Place    | Note
-------+----------+-------------------------------------------
     0 | D:1      | avis the Naga Transmuter began the quest for the Orb.
     0 | D:1      | Reached XP level 1. HP: 18/18 MP: 3/3
   210 | D:1      | Reached XP level 2. HP: 25/25 MP: 3/5
   852 | D:1      | Reached XP level 3. HP: 31/32 MP: 4/6
  1017 | D:1      | Learned a level 2 spell: Wereblood
  1021 | D:1      | Learned a level 3 spell: Spider Form
  1864 | D:2      | Reached skill level 1 in Poison Magic
  1864 | D:2      | Reached XP level 4. HP: 39/39 MP: 5/7
  1972 | D:2      | Reached skill level 1 in Stealth
  2036 | D:2      | Found an ancient bone altar of Kikubaaqudgha.
  2207 | D:3      | Noticed a scorpion
  2464 | D:3      | Killed a scorpion
  2465 | D:3      | Reached XP level 5. HP: 45/45 MP: 0/8
  2642 | D:3      | Noticed Sigmund
  2858 | D:3      | Found the +5 Force Lance {heavy, knockback}
  3101 | D:3      | Killed Sigmund
  3102 | D:3      | Reached XP level 6. HP: 52/56 MP: 7/10
  3340 | D:4      | Identified the +3 leather armour of Mirth {Regen+}
  3388 | D:4      | Noticed Natasha
  3391 | D:4      | Reached XP level 7. HP: 62/62 MP: 11/11
  3395 | D:4      | Killed Natasha
  3472 | D:4      | Learned a level 4 spell: Ice Form
  3524 | D:4      | Noticed Robin
  3554 | D:4      | Killed Robin
  3624 | D:4      | Noticed Blork the orc
  3637 | D:4      | Killed Blork the orc
  3804 | D:4      | Learned a level 2 spell: Blink
  3832 | D:4      | Reached skill level 5 in Transmutations
  4087 | D:4      | Reached XP level 8. HP: 72/72 MP: 14/14
  4164 | D:4      | Noticed Natasha
  4176 | D:4      | Killed Natasha
  4332 | D:4      | Found a shadowy altar of Dithmenos.
  4333 | D:4      | Found a basalt altar of Yredelemnul.
  4343 | D:4      | Found a staircase to the Ecumenical Temple.
  4618 | D:4      | Noticed Natasha
  4622 | D:4      | Killed Natasha
  4697 | Temple   | Entered the Ecumenical Temple
  4898 | Temple   | Upgraded the game from 0.31-a0-75-g6fe912e8c5 to
                  | 0.31-a0-83-gbff143cfd1
  4931 | Temple   | Became a worshipper of Cheibriados the Contemplative
  5019 | D:5      | Entered Level 5 of the Dungeon
  5093 | D:5      | Reached skill level 1 in Invocations
  5126 | D:5      | Noticed Edmund
  5148 | D:5      | Killed Edmund
  5149 | D:5      | Reached skill level 5 in Spellcasting
  5149 | D:5      | Reached skill level 3 in Invocations
  5349 | D:5      | Noticed Eustachio
  5361 | D:5      | Killed Eustachio
  5362 | D:5      | Reached skill level 1 in Ice Magic
  5362 | D:5      | Reached skill level 4 in Invocations
  5502 | D:5      | Found a bloodstained altar of Trog.
  5548 | D:5      | Learned a level 5 spell: Blade Hands
  5588 | D:5      | Noticed Pikel
  5602 | D:5      | Killed Pikel
  5602 | D:5      | Reached * piety under Cheibriados
  5603 | D:5      | Reached skill level 5 in Invocations
  5603 | D:5      | Reached XP level 9. HP: 70/78 MP: 13/16
  5607 | D:5      | Reached skill level 6 in Invocations
  6166 | D:5      | Reached skill level 7 in Invocations
  6370 | D:6      | Identified the +6 scale mail of Dorunuyq {-Tele Rampage rF+
                  | Dex+2}
  6639 | D:6      | Reached ** piety under Cheibriados
  6930 | D:6      | Identified the +5 scale mail of Tunuhage {Harm Dex-4 SInv}
  7050 | D:6      | Found a runed translucent door.
  7051 | D:6      | Noticed Crazy Yiuf
  7059 | D:6      | Killed Crazy Yiuf
  7235 | Temple   | Identified a scroll of acquirement
  7245 | Temple   | Acquired the +1 helmet "Muupur" {+Blink rN+ Dex-2 Stlth+}
  7259 | Temple   | Upgraded the game from 0.31-a0-83-gbff143cfd1 to
                  | 0.31-a0-102-g33a4ccc0cb
  7433 | D:7      | Identified the +1 pair of boots of Dawn {Slay+2}
  7541 | D:7      | Reached skill level 8 in Invocations
  7803 | D:7      | Reached XP level 10. HP: 69/85 MP: 12/17
  7803 | D:7      | Reached *** piety under Cheibriados
  9047 | D:8      | Noticed Grum
  9053 | D:8      | Noticed Erica
  9055 | D:8      | Reached skill level 9 in Invocations
  9062 | D:8      | Killed Grum
  9072 | D:8      | Killed Erica
  9073 | D:8      | Reached skill level 10 in Invocations
  9096 | D:8      | Found a staircase to the Lair.
  9111 | D:8      | Reached skill level 5 in Fighting
  9115 | D:8      | Reached **** piety under Cheibriados
  9137 | D:8      | Found a flagged portal.
  9160 | Bailey   | Entered a bailey
  9387 | Bailey   | Reached ***** piety under Cheibriados
  9401 | Bailey   | Reached skill level 5 in Unarmed Combat
  9426 | Bailey   | Reached XP level 11. HP: 54/97 MP: 12/18
  9488 | Bailey   | Identified the +0 plate armour "Hiolus" {+Blink}
  9685 | D:8      | Noticed a two-headed ogre
  9691 | D:8      | Killed a two-headed ogre
  9721 | D:8      | Found a stormy altar of Qazlal.
 10123 | Lair:1   | Entered Level 1 of the Lair of Beasts
 10583 | Lair:1   | Noticed Harold
 10587 | Lair:1   | Killed Harold
 11370 | D:8      | Found a shimmering blue altar of Sif Muna.
 11388 | D:8      | Got Sif Muna's Grimoire of Fascination
 11453 | Lair:2   | Reached skill level 5 in Dodging
 11491 | Lair:2   | Noticed a five-headed hydra
 11498 | Lair:2   | Killed a five-headed hydra
 11499 | Lair:2   | Reached skill level 1 in Armour
 11558 | Lair:2   | Noticed a lindwurm
 11566 | Lair:1   | Killed a lindwurm
 11567 | Lair:1   | Reached XP level 12. HP: 90/110 MP: 19/19
 11592 | Lair:2   | Noticed a death yak
 11597 | Lair:2   | Noticed a death yak
 11600 | Lair:2   | Noticed a death yak
 11601 | Lair:2   | Noticed a death yak
 11602 | Lair:2   | Killed a death yak
 11613 | Lair:2   | Killed a death yak
 11619 | Lair:2   | Killed a death yak
 11622 | Lair:2   | Killed a death yak
 11623 | Lair:2   | Reached skill level 11 in Invocations
 11673 | Lair:2   | Reached skill level 5 in Armour
 11787 | Lair:2   | Found a staircase to the Snake Pit.
 12209 | Lair:2   | Found a staircase to the Shoals.
 12254 | Lair:2   | Learned a level 4 spell: Manifold Assault
 12591 | Lair:2   | Identified the +0 leather armour "Acotyhah" {rCorr Str+5}
 13026 | Lair:3   | Reached ****** piety under Cheibriados
 13027 | Lair:3   | Reached skill level 10 in Fighting
 13027 | Lair:3   | Reached skill level 12 in Invocations
 13027 | Lair:3   | Gained mutation: You can use your snake-like lower body to
                  | constrict enemies. [Naga growth]
 13027 | Lair:3   | Reached XP level 13. HP: 119/123 MP: 15/22
 13028 | Lair:3   | Reached skill level 5 in Translocations
 13374 | Lair:3   | Noticed Rupert
 13382 | Lair:3   | Killed Rupert
 13686 | Lair:3   | Reached skill level 10 in Unarmed Combat
 13810 | Lair:3   | Reached skill level 13 in Invocations
 14677 | D:9      | Found a hide-covered altar of Uskayaw.
 14703 | D:9      | Acquired the Folio of the Infected Switch
 15010 | D:9      | Found a shimmering altar of Xom.
 15193 | D:9      | Identified the ring of Dusy {rN+ Will+ Str-2 Stlth+}
 15558 | D:10     | Entered Level 10 of the Dungeon
 16082 | D:10     | Reached XP level 14. HP: 135/135 MP: 23/23
 16808 | D:11     | Identified the +1 leather armour "Zoybagrac" {rF+ rN+++
                  | Dex-2}
 16964 | D:11     | Noticed Lodul
 16972 | D:11     | Killed Lodul
 17880 | D:12     | Reached skill level 10 in Transmutations
 18345 | D:12     | Found a staircase to the Orcish Mines.
 19670 | Lair:5   | Entered Level 5 of the Lair of Beasts
 19857 | Lair:5   | Found a runed translucent gate.
 19857 | Lair:5   | Found a runed translucent gate.
 19857 | Lair:5   | Found a runed translucent gate.
 19863 | Lair:5   | Noticed Sobieck's ghost (journeyman DECj)
 20126 | Lair:5   | Reached XP level 15. HP: 144/144 MP: 9/25
 20698 | Lair:5   | Found a staircase to the Slime Pits.
 21074 | Lair:5   | Killed Sobieck's ghost
 21387 | Orc:1    | Entered Level 1 of the Orcish Mines
 21391 | Orc:1    | Noticed an orc warlord
 21403 | Orc:1    | Killed an orc warlord
 21711 | Orc:2    | Entered Level 2 of the Orcish Mines
 21731 | Orc:2    | Noticed Jorgrun
 21743 | Orc:2    | Killed Jorgrun
 21989 | Orc:2    | Found a staircase to the Elven Halls.
 22063 | Orc:1    | Noticed an orc warlord
 22072 | Orc:1    | Killed an orc warlord
 22078 | Orc:1    | Noticed Maurice
 22089 | Orc:1    | Killed Maurice
 22173 | Orc:1    | Upgraded the game from 0.31-a0-102-g33a4ccc0cb to
                  | 0.31-a0-108-gdf935468f2
 22503 | Orc:2    | Reached skill level 14 in Invocations
 22716 | Orc:2    | Found Odeaxeus's Distillery.
 22716 | Orc:2    | Found Evaodej's Assorted Antiques.
 22717 | Orc:2    | Found Vipuigh's Weapon Shop.
 22717 | Orc:2    | Found Joinuoq's Antique Armour Boutique.
 22735 | Orc:2    | Bought a pair of embroidered gloves for 262 gold pieces
 22740 | Orc:2    | Bought a runed kite shield for 262 gold pieces
 22747 | Orc:2    | Bought a scroll of enchant weapon for 202 gold pieces
 22747 | Orc:2    | Bought a scroll of teleportation for 81 gold pieces
 22747 | Orc:2    | Bought a potion of curing for 81 gold pieces
 22747 | Orc:2    | Bought 2 potions of lignification for 162 gold pieces
 22760 | Orc:2    | Bought a potion of curing for 45 gold pieces
 22760 | Orc:2    | Bought 2 potions of curing for 90 gold pieces
 22760 | Orc:2    | Bought a potion of mutation for 120 gold pieces
 23406 | Snake:1  | Entered Level 1 of the Snake Pit
 23582 | Snake:1  | Reached XP level 16. HP: 145/154 MP: 9/28
 24090 | Snake:1  | Shot with an arrow by a naga sharpshooter

Illustrated notes

Levels and vault maps discovered:
D:1:      wander_arrival_chamber, layout_loops_corners, moated_statue,
          dk_noncrumbling_2, minmay_shallow_snake_nest
D:2:      layout_loops_ring, basic_altar, minmay_split_cup_small
D:3:      minmay_bubble_buster, layout_rooms, kennysheep_cross_room,
          st_stairs_3, uniq_sigmund
D:4:      nicolae_cairo_tiling_very_big, layout_layer_cave,
          gammafunk_temple_overflow_pools, minmay_temple_entry_offerings,
          uniq_natasha, uniq_blork_the_orc, uniq_robin
D:5:      layout_loops_corners, trog_hazing_becter, uniq_pikel, uniq_edmund,
          uniq_eustachio
D:6:      layout_basic, nicolae_fountain_basement, uniq_crazy_yiuf_cottage
D:7:      layout_basic
D:8:      layout_basic, marbit_many_paths, led_sif_book, enter_bailey_4,
          uniq_erica, uniq_grum
D:9:      layout_loops_corners, mainiacjoe_overflow_paths,
          eat_drink_and_be_merry_uskayaw
D:10:     layout_loops_corners
D:11:     layout_basic, uniq_lodul
D:12:     layout_loops_ring
Temple:   bh_familiar_temple
Lair:1:   layout_gridlike, uniq_harold
Lair:2:   layout_cave_pods, minmay_shoals_entry_beasts,
          minmay_snake_entry_six_corridors, grunt_forest_stairs_basic
Lair:3:   layout_roguey [special_room_mythical_zoo], uniq_rupert
Lair:4:   layout_regular_city, infiniplex_staircase_pool_2, grunt_megastairs_2
Lair:5:   evilmike_catoblepas_cave, layout_misc_corridors,
          minmay_slime_entry_pillars, gammafunk_ghost_necromancy
Snake:1:  layout_grid_shapes, nicolae_snake_snake_lake, grunt_megastairs_4
Orc:1:    layout_diamond_mine, uniq_maurice
Orc:2:    st_orc_pillars, layout_diamond_mine, uniq_jorgrun

Skill      XL: |  1  2  3  4  5  6  7  8  9 10 11 12 13 14 15 16 |
---------------+-------------------------------------------------+-----
Dodging        | 2 3 5 6 |  6.0
Fighting       | 2 3 4 6 8 10 11 12 | 12.7
Unarmed Combat | 4 6 8 10 12 | 12.7
Poison Magic   | 1 2 |  2.0
Stealth        | 2 4 |  4.0
Transmutations | 3 4 5 7 8 10 | 10.0
Spellcasting   | 3 4 5 7 8 |  8.0
Invocations    | 5 8 10 12 13 14 | 14.0
Ice Magic      | 2 4 |  4.0
Translocations | 2 4 6 8 9 |  9.1
Armour         | 2 5 6 |  6.0

Action                     |  1- 3 |  4- 6 |  7- 9 | 10-12 | 13-15 | 16-18 || total
---------------------------+-------+-------+-------+-------+-------+-------++-------
  Melee: Unarmed           |    50 |    55 |   223 |   217 |   410 |    38 ||   993
         Headbutt          |     8 |     6 |       |       |       |       ||    14
         Punch             |     1 |       |     1 |     8 |    39 |     3 ||    52
         Lance             |       |    12 |    64 |    46 |    57 |       ||   179
         Constrict         |       |       |       |       |   129 |    10 ||   139
         Flail             |       |       |       |       |     4 |       ||     4
         Hand crossbow     |       |       |       |       |       |     3 ||     3
   Fire: Sling             |    50 |    19 |       |       |       |       ||    69
         Orcbow            |       |       |     2 |    17 |       |       ||    19
         Hand crossbow     |       |       |       |   106 |   199 |    22 ||   327
   Cast: Beastly Appendage |    15 |    11 |       |       |       |       ||    26
         Spider Form       |       |     5 |    21 |       |       |       ||    26
         Wereblood         |       |     1 |       |       |       |     1 ||     2
         Ice Form          |       |       |     8 |     1 |     2 |       ||    11
         Blade Hands       |       |       |     6 |    31 |    57 |     5 ||    99
         Blink             |       |       |       |     1 |       |       ||     1
         Manifold Assault  |       |       |       |       |    16 |     9 ||    25
 Invoke: Slouch            |       |       |       |     5 |    13 |     1 ||    19
Ability: Spit Poison       |    28 |    26 |    11 |     1 |    11 |     1 ||    78
         End Transformatio |       |     1 |     1 |    10 |     7 |       ||    19
  Evoke: Wand              |       |       |       |       |     3 |       ||     3
    Use: Potion            |     1 |       |       |       |     1 |     4 ||     6
         Scroll            |       |       |    14 |     9 |     4 |       ||    27
   Stab: Sleeping          |       |     3 |    12 |       |       |       ||    15
         Distracted        |       |       |     2 |     2 |       |       ||     4
 Armour: Robe              |    15 |    12 |       |       |       |       ||    27
         Skin              |     8 |     2 |    57 |     5 |     3 |       ||    75
         Leather armour    |       |     5 |    55 |   232 |   227 |    16 ||   535
  Dodge: Dodged            |    40 |    53 |   207 |   330 |   489 |    62 ||  1181

Table legend: (Time is in decaauts)
 A = Elapsed time spent in this place.
 B = Non-inter-level travel time spent in this place.
 C = Inter-level travel time spent in this place.
 D = Time resting spent in this place.
 E = Time spent auto-exploring this place.
 F = Levels seen in this place.
 G = Mean time per level.
                   A        B        C        D        E       F      G
               +--------+--------+--------+--------+--------+-----+--------+
         Total |  47868 |  38659 |   9209 |   2924 |  23824 |  22 | 2175.8 |
       Dungeon |  26833 |  21441 |   5392 |   1488 |  14538 |  12 | 2236.1 |
        Temple |    435 |    299 |    136 |      0 |    210 |   1 |  435.0 |
          Lair |  14552 |  11715 |   2837 |   1018 |   7955 |   5 | 2910.4 |
     Snake Pit |   1189 |   1189 |      0 |    298 |    330 |   1 | 1189.0 |
  Orcish Mines |   4049 |   3207 |    842 |    102 |    790 |   2 | 2024.5 |
        Bailey |    807 |    807 |      0 |     18 |      0 |   1 |  807.0 |
               +--------+--------+--------+--------+--------+-----+--------+

Top non-repeatable levels by time:
  Lair:2: 3743 daAuts
  Lair:5: 3418 daAuts
     D:9: 3056 daAuts
     D:7: 2972 daAuts
     D:8: 2872 daAuts
    D:11: 2790 daAuts
    D:10: 2698 daAuts
  Lair:1: 2695 daAuts
  Lair:3: 2525 daAuts
     D:4: 2455 daAuts
   Orc:2: 2241 daAuts
     D:5: 2182 daAuts
  Lair:4: 2169 daAuts
    D:12: 1917 daAuts
   Orc:1: 1808 daAuts
